Map: Fields of Shazir

Players

ZephyR

  • Race: Terran Terran
  • Spawn Location: 9:00

AbChero

  • Race: Terran Terran
  • Spawn Location: 9:00

RedNose

  • Race: Zerg Zerg
  • Spawn Location: 7:00

BlackNova - Winner!

  • Race: Protoss Protoss
  • Spawn Location: 3:00

Metasapien - Winner!

  • Race: Zerg Zerg
  • League: Platinum
  • Spawn Location: 3:00

Dudley - Winner!

  • Race: Zerg Zerg
  • League: Platinum
  • Spawn Location: 5:00

VOD

Have the link to the VOD?

Description

Time

  • Played on: Sept. 23, 2017, 8:10 p.m.
  • Length: 10:52
Show
View Real Time Build Order
Export as new Build Order

ZephyR Terran 

Build Orders:  

Get SALT Encoding   

  12  0:03  SCV  
  13  0:19  SCV, Supply Depot  
  14  0:31  SCV  
  15  0:41  Barracks  
  15  0:43  SCV  
  15  0:47  Refinery  
  16  0:56  SCV  
  17  1:08  SCV  
  18  1:20  SCV  
  19  1:32  Supply Depot  
  19  1:33  Reaper  
  19  1:35  Orbital Command  
  20  1:52  Refinery  
  20  1:58  Supply Depot  
  20  2:02  SCV  
  21  2:09  Factory  
  21  2:14  SCV  
  22  2:26  SCV  
  23  2:45  Command Center  
  23  3:01  Factory Reactor  
  23  3:05  SCV  
  24  3:07  Factory  
  24  3:17  SCV  
  25  3:29  SCV  
  25  3:33  Marine  
  27  3:37  Supply Depot  
  27  3:41  Hellion x2  
  30  3:50  SCV, Marine  
  30  3:52  Factory Tech Lab  
  32  4:02  Hellion  
  34  4:04  Orbital Command  
  34  4:08  SCV  
  35  4:18  Starport  
  35  4:21  Engineering Bay  
  35  4:24  SCV  
  35  4:27  Hellion x2  
  35  4:30  Siege Tank  
  43  4:34  SCV  
  43  4:36  SCV  
  45  4:39  Refinery  
  45  4:41  Refinery  
  45  4:46  SCV  
  45  4:48  Infernal Pre-Igniter, SCV  
  47  4:58  SCV  
  48  5:00  SCV  
  49  5:09  Siege Tank  
  49  5:10  Hellion, SCV  
  49  5:11  Starport Reactor  
  49  5:13  SCV  
  49  5:14  Missile Turret  
  56  5:20  Sensor Tower  
  56  5:22  SCV  
  56  5:25  Armory, SCV  
  58  5:34  SCV  
  58  5:37  SCV  
  47  6:02  SCV  
  40  6:09  Liberator  
  40  6:10  Liberator  
  36  6:13  SCV  
  36  6:14  SCV  
  38  6:23  Siege Tank  
  38  6:25  Hellion x2, SCV  
  46  6:26  SCV  
  46  6:30  Terran Vehicle Weapons Level 1  
  53  6:37  SCV  
  53  6:38  SCV  
  55  6:46  Hellion x2  
  59  6:49  SCV  
  59  6:50  SCV  
  54  7:02  Siege Tank  
  54  7:07  Hellion  
  52  7:24  Hellbat  
  36  7:37  Siege Tank  
  38  7:48  Supply Depot  
  38  7:49  Supply Depot  
  38  7:55  Liberator  
  38  7:57  Liberator  
  35  8:11  Siege Tank  
  36  8:18  Widow Mine  
  36  8:19  Supply Depot  
  38  8:20  Supply Depot  
  38  8:22  Widow Mine  
  38  8:38  SCV  
  38  8:40  Command Center  
  39  8:43  Siege Tank  
  39  8:46  Widow Mine  
  44  9:01  Command Center  
  41  9:45  Viking x2  
  35  9:59  Siege Tank  
  30  10:11  Widow Mine x2  
  32  10:15  Viking  
Show
View Real Time Build Order
Export as new Build Order

AbChero Terran 

Build Orders:  

Get SALT Encoding   

  12  0:27  Supply Depot  
  12  0:38  SCV  
  13  0:58  Barracks  
  13  0:59  SCV  
  14  1:10  Supply Depot  
  14  1:12  SCV  
  15  1:29  Refinery  
  15  1:30  SCV  
  15  1:32  Refinery  
  16  1:46  SCV  
  16  1:47  Marine  
  18  2:00  SCV  
  19  2:05  Marine  
  20  2:13  SCV  
  21  2:20  Factory  
  21  2:25  Marine  
  21  2:28  SCV  
  23  2:47  Marine  
  23  2:48  SCV  
  25  3:03  SCV  
  26  3:05  Marine  
  27  3:21  SCV  
  27  3:23  Factory  
  27  3:25  Marine  
  29  3:29  Supply Depot  
  29  3:42  Command Center  
  29  3:58  Widow Mine  
  31  4:06  Orbital Command  
  31  4:27  Widow Mine  
  33  4:34  Widow Mine  
  33  4:35  Marine  
  33  4:37  SCV  
  37  4:43  Starport  
  37  4:55  Widow Mine  
  39  5:03  Widow Mine  
  39  5:24  Widow Mine  
  41  5:34  Starport Tech Lab  
  41  5:38  SCV  
  41  5:40  Marine  
  43  5:43  Widow Mine  
  43  5:48  Refinery  
  45  5:50  SCV  
  48  6:05  Starport Reactor  
  48  6:07  SCV  
  48  6:08  Armory  
  48  6:09  SCV  
  50  6:12  Widow Mine  
  52  6:19  SCV  
  52  6:21  SCV  
  46  6:36  Starport  
  46  6:45  Viking x2  
  50  6:54  Engineering Bay, SCV  
  50  6:55  SCV  
  52  7:06  SCV  
  52  7:08  SCV  
  54  7:18  Refinery  
  54  7:23  Viking x2, Marine  
  54  7:25  Supply Depot x2  
  54  7:26  Terran Ship Weapons Level 1  
  54  7:29  Supply Depot  
  59  7:31  Planetary Fortress  
  59  7:39  Starport Reactor  
  59  7:57  SCV  
  60  8:04  Viking x2  
  64  8:09  SCV  
  65  8:14  Missile Turret  
  65  8:15  Widow Mine  
  65  8:18  Viking x2  
  71  8:20  Missile Turret  
  71  8:29  Liberator x2  
  71  8:43  SCV  
  71  8:44  Command Center  
  78  8:54  Widow Mine x2  
  78  8:55  SCV  
  83  8:57  Viking  
  85  9:13  Viking  
  85  9:15  Liberator x2  
  83  10:16  Viking x4  
Show
View Real Time Build Order
Export as new Build Order

RedNose Zerg 

Build Orders: Hatch First, Zergling Baneling 

Get SALT Encoding   

  12  0:22  Drone x2  
  14  0:51  Hatchery  
  14  0:52  Drone  
  14  0:54  Overlord  
  14  1:07  Spawning Pool  
  13  1:17  Extractor  
  12  1:26  Drone x2  
  12  1:28  Drone  
  15  1:41  Drone  
  16  1:49  Drone  
  17  1:56  Queen  
  17  2:01  Drone, Extractor  
  20  2:03  Drone  
  20  2:16  Zergling x2  
  20  2:19  Metabolic Boost  
  21  2:25  Drone  
  21  2:27  Drone x2  
  24  2:35  Zergling x2  
  25  2:46  Drone x2  
  25  2:50  Drone  
  28  3:00  Overlord  
  28  3:08  Overlord  
  27  3:26  Baneling Nest  
  26  3:31  Spore Crawler  
  26  3:32  Zergling x12  
  31  3:35  Queen  
  33  3:51  Zergling x6  
  33  3:52  Zergling x2  
  37  4:04  Drone  
  38  4:14  Baneling x8  
  38  4:15  Baneling x6  
  38  4:17  Zergling x4  
  40  4:28  Zergling x6  
  43  4:34  Lair  
  36  5:22  Zergling x6  
  36  5:23  Zergling x10  
  42  5:42  Spine Crawler, Zergling x2  
  40  5:43  Zergling x10  
  40  5:44  Spine Crawler  
  42  5:52  Drone x2  
  44  6:01  Evolution Chamber  
  43  6:09  Zergling x4  
  43  6:10  Overlord, Zergling x2  
  38  6:19  Drone  
  38  6:22  Extractor  
  35  6:37  Drone x3  
  35  6:38  Drone  
  32  6:45  Queen  
  31  6:59  Zergling x16  
  36  7:07  Drone  
  28  7:25  Baneling x3  
  28  7:26  Baneling x9  
  26  7:30  Zergling x4  
  28  7:38  Spine Crawler  
  28  7:39  Spine Crawler  
  26  7:45  Drone x3  
  21  8:07  Zergling x4  
  21  8:08  Zergling x6  
  26  8:17  Zergling x2  
  27  8:23  Zergling x2  
  25  8:37  Drone  
  26  8:42  Drone x3  
  26  8:45  Zergling x2  
  24  9:19  Zergling x6  
  26  9:31  Queen  
  28  9:46  Zergling x6  
Show
View Real Time Build Order
Export as new Build Order

BlackNova Protoss - Winner!

Build Orders:  

Get SALT Encoding   

  12  0:02  Probe (Chrono Boost)  
  14  0:14  Probe (Chrono Boost)  
  14  0:31  Pylon  
  14  0:38  Probe (Chrono Boost)  
  15  0:42  Assimilator  
  16  0:50  Probe (Chrono Boost)  
  16  1:03  Gateway  
  16  1:06  Forge  
  16  1:08  Pylon  
  15  1:19  Probe (Chrono Boost)  
  16  1:30  Gateway  
  16  1:35  Probe (Chrono Boost)  
  16  1:37  Assimilator  
  17  1:49  Photon Cannon  
  17  2:01  Pylon  
  17  2:03  Probe (Chrono Boost)  
  18  2:32  Pylon  
  18  2:36  Cybernetics Core  
  18  2:38  Probe (Chrono Boost)  
  19  2:49  Probe (Chrono Boost)  
  20  2:58  Warp Gate  
  20  3:00  Probe (Chrono Boost)  
  21  3:14  Mothership Core (Chrono Boost)  
  21  3:19  Sentry (Chrono Boost)  
  25  3:25  Stargate  
  25  3:35  Probe  
  26  3:42  Pylon  
  26  3:57  Probe  
  27  4:09  Probe  
  28  4:14  Oracle  
  31  4:21  Probe  
  32  4:27  Fleet Beacon  
  32  4:38  Robotics Facility  
  32  5:08  Sentry x2  
  36  5:20  Probe  
  35  5:30  Pylon  
  32  5:53  Carrier  
  32  6:00  Probe  
  30  6:12  Probe  
  27  6:24  Probe  
  28  6:36  Probe  
  29  6:48  Probe  
  29  6:52  Nexus  
  30  7:00  Probe  
  31  7:05  Graviton Catapult  
  31  7:10  Pylon  
  31  7:12  Probe  
  31  7:13  Assimilator  
  32  7:19  Assimilator  
  32  7:25  Probe  
  32  7:27  Pylon  
  33  7:37  Probe  
  34  7:49  Probe  
  35  8:01  Probe  
  36  8:09  Probe  
  37  8:13  Probe  
  37  8:19  Probe  
  38  8:22  Tempest  
  38  8:25  Probe  
  46  8:30  Probe  
  47  8:36  Observer (Chrono Boost)  
  47  8:37  Probe  
  49  8:59  Nexus  
  49  9:05  Tempest  
  55  9:14  Robotics Bay  
  55  10:04  Tempest  
  54  10:13  Probe  
  54  10:15  Assimilator, Stargate  
  55  10:23  Probe, Assimilator  
  56  10:34  Probe  
  56  10:37  Pylon  
  56  10:40  Pylon  
  57  10:44  Stargate  
Show
View Real Time Build Order
Export as new Build Order

Metasapien Zerg - Winner!

Build Orders: Hatch First 

Get SALT Encoding   

  12  0:01  Drone  
  13  0:46  Hatchery  
  12  0:51  Spawning Pool  
  12  0:53  Drone  
  12  1:02  Drone  
  13  1:06  Drone  
  14  1:16  Overlord  
  14  1:19  Extractor  
  13  1:27  Drone  
  14  1:35  Drone  
  14  1:37  Drone  
  16  1:48  Drone  
  17  2:14  Queen  
  17  2:15  Queen  
  19  2:16  Drone x2  
  23  2:26  Metabolic Boost  
  23  2:28  Drone  
  24  2:38  Drone  
  25  2:45  Zergling x4  
  25  2:46  Zergling x2  
  25  2:49  Spine Crawler  
  27  2:57  Zergling x2  
  27  3:06  Drone  
  27  3:12  Overlord x2  
  28  3:15  Extractor  
  27  3:20  Overlord  
  27  3:41  Hatchery  
  26  3:49  Drone x2  
  26  3:51  Drone  
  29  3:57  Drone x2  
  29  4:01  Drone  
  32  4:04  Drone  
  32  4:08  Drone  
  34  4:11  Drone  
  34  4:15  Drone  
  36  4:17  Drone  
  36  4:21  Drone  
  38  4:26  Overlord  
  38  4:33  Extractor  
  38  4:38  Lair  
  37  4:43  Spore Crawler  
  36  4:46  Spine Crawler  
  36  4:47  Zergling x2  
  36  4:48  Zergling x4  
  38  4:58  Queen  
  41  5:00  Drone  
  41  5:04  Zergling x4  
  43  5:23  Zergling x4  
  43  5:24  Zergling x2  
  46  5:30  Roach Warren  
  46  5:32  Drone x3  
  48  5:47  Zergling x6  
  48  5:48  Zergling x10  
  50  5:58  Drone  
  50  5:59  Drone  
  50  6:00  Drone x2  
  50  6:01  Drone x2  
  55  6:13  Overseer  
  53  6:35  Roach x2  
  53  6:36  Roach  
  60  6:40  Hydralisk Den, Drone x3  
  60  6:46  Drone x3, Extractor  
  63  6:47  Overlord x2  
  63  6:48  Overlord  
  63  6:56  Roach  
  63  7:00  Ravager  
  66  7:09  Drone x4  
  66  7:11  Hydralisk x2  
  66  7:13  Overlord x3  
  66  7:14  Hydralisk  
  66  7:15  Roach x2, Hydralisk  
  81  7:31  Overlord x2  
  81  7:32  Hydralisk x3  
  77  8:06  Hydralisk x2  
  77  8:07  Roach x3, Hydralisk  
  77  8:08  Roach x2  
  86  8:23  Drone  
  86  8:25  Drone x3  
  88  8:30  Extractor  
  88  8:32  Drone x2  
  88  8:33  Extractor  
  88  8:34  Drone  
  88  8:40  Drone  
  90  8:42  Drone x2  
  92  8:59  Evolution Chamber  
  92  9:02  Evolution Chamber  
  88  9:09  Hydralisk  
  88  9:10  Roach x2, Hydralisk x4  
  88  9:11  Roach x3  
  106  9:19  Drone  
  106  9:20  Drone  
  106  9:23  Roach  
  110  9:41  Hydralisk x2  
  110  9:42  Roach x3  
  110  9:43  Overlord x2  
  110  9:44  Nydus Network  
  119  9:59  Pneumatized Carapace  
  113  10:00  Queen x2  
  113  10:02  Overlord  
  113  10:03  Overlord x2  
  117  10:08  Ravager x2  
  119  10:14  Drone  
  119  10:16  Drone  
  119  10:17  Drone  
  119  10:18  Drone  
  119  10:19  Drone x3  
  126  10:21  Zergling x4  
  126  10:22  Zergling x6  
  126  10:27  Nydus Canal  
Show
View Real Time Build Order
Export as new Build Order

Dudley Zerg - Winner!

Build Orders: Pool First 

Get SALT Encoding   

  12  0:07  Drone  
  13  0:17  Drone  
  13  0:18  Overlord  
  14  0:40  Spawning Pool  
  14  0:41  Drone  
  14  0:45  Drone  
  14  0:47  Drone  
  16  0:59  Drone  
  17  1:04  Drone  
  18  1:20  Hatchery  
  17  1:26  Drone  
  17  1:28  Extractor  
  17  1:34  Queen  
  17  1:36  Drone  
  17  1:39  Drone  
  21  1:48  Drone  
  22  1:55  Extractor  
  22  1:58  Drone  
  22  2:18  Overlord  
  22  2:31  Lair  
  22  2:32  Drone x3  
  22  2:34  Queen  
  27  2:42  Roach Warren  
  27  2:43  Drone  
  27  2:52  Drone  
  27  2:53  Drone x2  
  30  3:00  Overlord  
  30  3:05  Drone  
  31  3:07  Drone  
  31  3:10  Drone  
  33  3:16  Drone x2  
  35  3:22  Drone x2  
  37  3:33  Hydralisk Den  
  36  3:35  Drone x3  
  39  3:51  Glial Reconstitution  
  39  3:56  Drone x5  
  39  3:57  Evolution Chamber  
  39  3:59  Overlord, Extractor  
  42  4:03  Extractor  
  42  4:05  Overlord  
  41  4:10  Muscular Augments  
  41  4:25  Hydralisk x4  
  49  4:33  Hydralisk x2  
  53  4:45  Drone  
  53  4:46  Drone x3  
  53  4:48  Drone x2  
  59  4:57  Zerg Missile Weapons Level 1  
  59  5:06  Overlord  
  49  5:16  Roach x6  
  57  5:27  Roach x2  
  57  5:28  Roach  
  52  5:45  Roach x6  
  64  5:52  Drone  
  65  6:08  Hydralisk  
  65  6:10  Overlord x2  
  67  6:18  Spine Crawler  
  67  6:24  Drone x2  
  68  6:29  Overlord  
  68  6:40  Drone  
  68  6:41  Hydralisk x2  
  73  6:51  Zerg Ground Armor Level 1  
  69  7:05  Roach, Hydralisk x3  
  75  7:19  Hydralisk x2  
  79  7:27  Hydralisk  
  79  7:28  Hydralisk  
  83  7:37  Hydralisk x2  
  83  7:42  Ravager x4  
  91  7:46  Overlord, Drone  
  58  8:21  Hydralisk x5  
  58  8:22  Hydralisk  
  60  8:36  Hydralisk x2  
  62  8:42  Queen  
  62  8:46  Hydralisk x2  
  66  9:12  Roach  
  66  9:13  Roach x4  
  64  9:41  Hydralisk x7  
  78  10:04  Hydralisk x5  
  88  10:17  Hydralisk x3  
Tags
 
Add a new tag
Caveats
  • Supply blocks, unpowered buildings, or Contaminate may cause inaccurate times.
  • Supply counts are checked every 10 seconds.